 Dungeon Crawl Stone Soup version 0.20-a0-386-g2d247ea (webtiles) character file.

32 Kidiri the Conjurer (level 3, -6/19 HPs)
             Began as a Deep Elf Conjurer on Dec 29, 2016.
             Killed from afar by Sigmund (9 damage)
             ... with a magic dart
             ... on level 2 of the Dungeon.
             The game lasted 00:04:45 (1386 turns).

Kidiri the Conjurer (Deep Elf Conjurer)             Turns: 1386, Time: 00:04:46

Health: -6/19      AC:  2    Str:  5    XL:     3   Next: 10%
Magic:  6/10       EV: 13    Int: 20    God:
Gold:   137        SH:  0    Dex: 15    Spells: 4/10 levels left

rFire  . . .     SeeInvis .     o - +1 short sword (elec)
rCold  . . .     Gourm    .     a - +0 robe
rNeg   . . .     Faith    .     (no shield)
rPois  .         Spirit   .     (no helmet)
rElec  .         Reflect  .     (no cloak)
rCorr  .         Harm     .     (no gloves)
MR     .....                    (no boots)
Stlth  ++........               (no amulet)
                                (no ring)
                                (no ring)

@: no status effects
A: no striking features
a: no special abilities


You were on level 2 of the Dungeon.
You were not hungry.

You visited 1 branch of the dungeon, and saw 2 of its levels.

You collected 137 gold pieces.

Inventory:

Hand Weapons
 o - a +1 short sword of electrocution (weapon)
Armour
 a - a +0 robe (worn)
 j - a +0 cloak
Scrolls
 e - a scroll of identify {unknown}
 f - a scroll of random uselessness {unknown}
 i - a scroll of amnesia {unknown}
 l - a scroll of enchant weapon {unknown}
Potions
 g - a potion of might {unknown}
 h - 2 potions of heal wounds {unknown}
 m - a potion of berserk rage {unknown}
Books
 b - a book of Conjurations

   Spells                             Type                      Level
   a - Magic Dart                     Conjuration                  1
   b - Searing Ray                    Conjuration                  2
   c - Dazzling Spray                 Conjuration/Hexes            3
   d - Fulminant Prism                Conjuration/Hexes            4
   e - Iskenderun's Mystic Blast      Conjuration                  4
   f - Iskenderun's Battlesphere      Conjuration/Charms           5
Comestibles
 c - a bread ration
 d - 4 meat rations


   Skills:
 - Level 2.4 Dodging
 - Level 2.4 Stealth
 * Level 4.2 Spellcasting
 + Level 4.9 Conjurations


You had 4 spell levels left.
You knew the following spells:

 Your Spells              Type           Power        Failure   Level  Hunger
a - Magic Dart            Conj           ###.         1%          1    None
b - Searing Ray           Conj           ###...       2%          2    #......
c - Dazzling Spray        Conj/Hex       ##....       14%         3    ###....


Dungeon Overview and Level Annotations

Branches:
Dungeon (2/15)

Altars:

Annotations:
D:2 Sigmund


Message History

Aim: Sigmund, wielding a scythe and wearing a robe (hasn't noticed you)
The spray of energy hits Sigmund.
Sigmund is lightly wounded.
Sigmund is dazzled.
Casting: Dazzling Spray
Confirm with . or Enter, or press ? or * to list all spells.
Aiming: Magic Dart
Press: ? - help, Shift-Dir - straight line, f/p - Sigmund
Aim: Sigmund, wielding a scythe and wearing a robe (lightly wounded, blind)
The magic dart hits Sigmund.
Sigmund is lightly wounded.
Sigmund hits you from afar with a scythe!
Ouch! That really hurt!
* * * LOW HITPOINT WARNING * * *
Unknown command.
Things that are here:
a club; a stone; a kobold corpse Sigmund points at you and mumbles some strange words.
The magic dart hits you!
You die...

.....##..# #........#
###..#.##..# #........#
#....#.##..###........#
##.##....#.##.........#####
.......(....@..##....##
##.#.....#.##).##...<+
#.#.###...##..#.....#
##.........##..#.....#
...#.###...##@.#.....#
#......#.#.##..#.....#
#.##.#.#.#.##..#.....#
####.##.#.###..#..#.....###
...รท..#.#.........#.......#
..##..#.#.####.#..#....[..#######
####..#.#.####....#####.........#
.)....(...........# #.........#
####....#.#####...# #.........#


You could see Sigmund (blind).

Vanquished Creatures
  A dart slug (D:1)
  A leopard gecko (D:1)
  A giant cockroach (D:1)
  A goblin (D:1)
  7 hobgoblins
  5 kobolds
  A ball python (D:1)
  6 bats
  2 frilled lizards (D:1)
  5 rats
30 creatures vanquished.

Notes
Turn   | Place    | Note
-------+----------+-------------------------------------------
     0 | D:1      | Kidiri the Deep Elf Conjurer began the quest for the Orb.
     0 | D:1      | Reached XP level 1. HP: 10/10 MP: 6/6
   238 | D:1      | Reached XP level 2. HP: 15/15 MP: 6/8
   243 | D:1      | Learned a level 2 spell: Searing Ray
   989 | D:2      | Noticed Sigmund
  1291 | D:2      | Found a faded altar of an unknown god.
  1293 | D:2      | Reached XP level 3. HP: 19/19 MP: 6/10
  1360 | D:2      | Learned a level 3 spell: Dazzling Spray
  1386 | D:2      | Killed from afar by Sigmund

Vault maps used:
D:1:      dpeg_arrival_oval, minmay_close_crescents
D:2:      chequers_ecumenical_altar_island, first_bread, uniq_sigmund

Skill      XL: |  1  2 |
---------------+-------+-----
Spellcasting   | 4 |  4.2
Dodging        | |  2.4
Stealth        | |  2.4
Conjurations   | |  4.9

Action                   || total
-------------------------++-------
Melee: Short sword       ||    11
       Dagger            ||    11
 Cast: Magic Dart        ||    39
       Dazzling Spray    ||     1
 Stab: Sleeping          ||     6
  Eat: Chunk             ||     1
Armor: Robe              ||     8
Dodge: Dodged            ||    13
